TOP OF THE 1ST |
Jacksonville Suns batting - Pitching for Altoona Curve : LHP Ben Buerck
|
Pitching: LHP Ben Buerck
|
|
Batting: RHB Akira Suzuki
|
0-0: Swinging Strike 0-1: Ball 1-1: Ball 2-1: Ball 3-1: DOUBLE (Line Drive, 89D, EV 111.2 MPH)
|
Batting: RHB Jack Power
|
0-0: Foul Ball, location: 2F 0-1: Foul Ball, location: 2F 0-2: Fly out, F9 (Flyball, 9S, EV 83.8 MPH)
|
Batting: RHB Torquato Obawole
|
0-0: Swinging Strike 0-1: Fly out, F9 (Flyball, 9, EV 87.5 MPH)
|
Batting: RHB Len Graham
|
0-0: Ball 1-0: Foul Ball, location: 2F 1-1: TRIPLE (Flyball, 89XD, EV 105.6 MPH) Akira Suzuki scores
|
Batting: LHB Dong-u Chang
|
0-0: Called Strike 0-1: Fly out, F9 (Flyball, 9, EV 95.6 MPH)
|
Top of the 1st over - 1 run, 2 hits, 0 errors, 1 left on base; Jacksonville 1 - Altoona 0 |
BOTTOM OF THE 1ST |
Altoona Curve batting - Pitching for Jacksonville Suns : LHP Nick Gore
|
Pitching: LHP Nick Gore
|
|
Batting: RHB Melvin Durland
|
0-0: Called Strike 0-1: Ball 1-1: SINGLE (Flyball, 7LS, EV 89.4 MPH)
|
Batting: RHB Alex Arzate
|
0-0: Ball 1-0: Called Strike Melvin Durland steals 2nd base 1-1: Ball 2-1: Foul Ball, location: 2F 2-2: Foul Ball, location: 2F 2-2: Ball 3-2: Foul Ball, location: 2F 3-2: Foul Ball, location: 2F 3-2: Fly out, F8 (Flyball, 8RXD, EV 102.5 MPH) Runner from 2nd tags up, SAFE at 3rd, no throw by CF
|
Batting: LHB Josh Aerni
|
0-0: Ball 1-0: Called Strike 1-1: Called Strike 1-2: Fly out, F7 (Flyball, 7S, EV 77.5 MPH)
|
Batting: RHB Brandon White
|
0-0: Ball 1-0: Ground out 5-3 (Groundball, 56S, EV 89.4 MPH)
|
Bottom of the 1st over - 0 runs, 1 hit, 0 errors, 1 left on base; Jacksonville 1 - Altoona 0 |
TOP OF THE 2ND |
Jacksonville Suns batting - Pitching for Altoona Curve : LHP Ben Buerck
|
Batting: RHB Larry LeFever
|
0-0: Ground out 4-3 (Groundball, 4, EV 87.5 MPH)
|
Batting: LHB Orlando Rivera
|
0-0: Ball 1-0: Ball 2-0: Ground out 1-3 (Groundball, 15S, EV 72.5 MPH)
|
Batting: RHB Chris Alft
|
0-0: Called Strike 0-1: Called Strike 0-2: Ball 1-2: Ball 2-2: Strikes out swinging
|
Top of the 2nd over - 0 runs, 0 hits, 0 errors, 0 left on base; Jacksonville 1 - Altoona 0 |
BOTTOM OF THE 2ND |
Altoona Curve batting - Pitching for Jacksonville Suns : LHP Nick Gore
|
Batting: LHB Joe Wise
|
0-0: Ball 1-0: Swinging Strike 1-1: Ground out 4-3 (Groundball, 4M, EV 100.0 MPH)
|
Batting: RHB Steve Terres
|
0-0: Swinging Strike 0-1: Ball 1-1: Called Strike 1-2: Foul Ball, location: 2F 1-2: Reached on error, E6 (Groundball, 6, EV 109.4 MPH)
|
Batting: RHB Tim Moore
|
0-0: Ball Wild Pitch! Steve Terres to second 1-0: Foul Ball, location: 2F 1-1: DOUBLE (Line Drive, 7LM, EV 94.4 MPH) Steve Terres scores
|
Batting: RHB Terrence Wilson
|
0-0: Ball 1-0: Ball 2-0: DOUBLE (Flyball, 89D, EV 93.8 MPH) Tim Moore scores
|
Batting: LHB Mike Handrahan
|
0-0: Called Strike 0-1: Ball 1-1: Swinging Strike 1-2: Strikes out swinging
|
Batting: RHB Melvin Durland
|
0-0: Called Strike 0-1: Ground out 5-3 (Groundball, 56, EV 80.6 MPH)
|
Bottom of the 2nd over - 2 runs, 2 hits, 1 error, 1 left on base; Jacksonville 1 - Altoona 2 |
TOP OF THE 3RD |
Jacksonville Suns batting - Pitching for Altoona Curve : LHP Ben Buerck
|
Batting: LHB Matt McKeon
|
0-0: Ball 1-0: Called Strike 1-1: Ball 2-1: Foul Ball, location: 2F 2-2: Ball 3-2: Fly out, F7 (Flyball, 7D, EV 106.2 MPH)
|
Batting: RHB Akira Suzuki
|
0-0: Called Strike 0-1: Fly out, F9 (Line Drive, 9, EV 88.8 MPH)
|
Batting: RHB Jack Power
|
0-0: Ball 1-0: Foul Ball, location: 2F 1-1: SINGLE (Flyball, 56D, EV 98.1 MPH)
|
Batting: RHB Torquato Obawole
|
0-0: Ball 1-0: SINGLE (Line Drive, 3D, EV 102.5 MPH) Jack Power to second
|
Batting: RHB Len Graham
|
0-0: Ball Wild Pitch! Jack Power to third Torquato Obawole to second 1-0: Ground out U3 (Groundball, 3, EV 90.6 MPH)
|
Top of the 3rd over - 0 runs, 2 hits, 0 errors, 2 left on base; Jacksonville 1 - Altoona 2 |
BOTTOM OF THE 3RD |
Altoona Curve batting - Pitching for Jacksonville Suns : LHP Nick Gore
|
Batting: RHB Alex Arzate
|
0-0: SINGLE (Groundball, 56D, EV 100.6 MPH)
|
Batting: LHB Josh Aerni
|
0-0: Ball 1-0: Ball 2-0: Foul Ball, location: 2F 2-1: Called Strike 2-2: Foul Ball, location: 2F 2-2: Strikes out swinging
|
Batting: RHB Brandon White
|
0-0: Ball 1-0: Ground out 5-3 (Groundball, 56S, EV 65.6 MPH) Alex Arzate to second
|
Batting: LHB Joe Wise
|
0-0: Called Strike 0-1: SINGLE (Groundball, 6M, EV 103.8 MPH) Alex Arzate to third Runner from 3rd tries for Home, SAFE, throw by CF to home
|
Batting: RHB Steve Terres
|
0-0: Reached on error, E6 (Groundball, 6, EV 85.6 MPH) Joe Wise to second
|
Batting: RHB Tim Moore
|
0-0: Ball 1-0: Ball 2-0: Called Strike 2-1: Ground out 6-3 (Groundball, 56, EV 100.0 MPH)
|
Bottom of the 3rd over - 1 run, 2 hits, 1 error, 2 left on base; Jacksonville 1 - Altoona 3 |
TOP OF THE 4TH |
Jacksonville Suns batting - Pitching for Altoona Curve : LHP Ben Buerck
|
Batting: LHB Dong-u Chang
|
0-0: Foul Ball, location: 2F 0-1: SOLO HOME RUN (Flyball, 7LD, EV 97.5 MPH), Distance : 339 ft
|
Batting: RHB Larry LeFever
|
0-0: Fly out, F7 (Flyball, 78M, EV 83.1 MPH)
|
Batting: LHB Orlando Rivera
|
0-0: Called Strike 0-1: Foul Ball, location: 2F 0-2: Strikes out swinging
|
Batting: RHB Chris Alft
|
0-0: Called Strike 0-1: Foul Ball, location: 2F 0-2: Strikes out swinging
|
Top of the 4th over - 1 run, 1 hit, 0 errors, 0 left on base; Jacksonville 2 - Altoona 3 |
BOTTOM OF THE 4TH |
Altoona Curve batting - Pitching for Jacksonville Suns : LHP Nick Gore
|
Batting: RHB Terrence Wilson
|
0-0: Called Strike 0-1: Ball 1-1: Swinging Strike 1-2: Strikes out swinging
|
Batting: LHB Mike Handrahan
|
0-0: Ball 1-0: SINGLE (Groundball, 3D, EV 101.9 MPH)
|
Batting: RHB Melvin Durland
|
0-0: SINGLE (Groundball, 6MD, EV 96.9 MPH) Mike Handrahan to second
|
Batting: RHB Alex Arzate
|
0-0: Ground out U3 (Groundball, 3S, EV 70.0 MPH) Mike Handrahan to third Melvin Durland to second
|
Batting: LHB Josh Aerni
|
0-0: Ball 1-0: Ball 2-0: Ground out U3 (Groundball, 34, EV 78.1 MPH)
|
Bottom of the 4th over - 0 runs, 2 hits, 0 errors, 2 left on base; Jacksonville 2 - Altoona 3 |
TOP OF THE 5TH |
Jacksonville Suns batting - Pitching for Altoona Curve : LHP Ben Buerck
|
Batting: LHB Matt McKeon
|
0-0: Called Strike 0-1: Ball 1-1: Ball 2-1: Foul Ball, location: 2F 2-2: Foul Ball, location: 2F 2-2: Foul Ball, location: 2F 2-2: Ball 3-2: Ground out U3 (Groundball, 3S, EV 68.1 MPH)
|
Batting: RHB Akira Suzuki
|
0-0: Foul Ball, location: 2F 0-1: Ball 1-1: Swinging Strike 1-2: Ball 2-2: Ground out 6-3 (Groundball, 6M, EV 108.8 MPH)
|
Batting: RHB Jack Power
|
0-0: Called Strike 0-1: Hit by Pitch
|
Batting: RHB Torquato Obawole
|
0-0: Called Strike 0-1: Ground out 6-3 (Groundball, 6MS, EV 88.1 MPH)
|
Top of the 5th over - 0 runs, 0 hits, 0 errors, 1 left on base; Jacksonville 2 - Altoona 3 |
BOTTOM OF THE 5TH |
Altoona Curve batting - Pitching for Jacksonville Suns : LHP Nick Gore
|
Batting: RHB Brandon White
|
0-0: SINGLE (Groundball, 56D, EV 105.0 MPH)
|
Batting: LHB Joe Wise
|
0-0: Called Strike 0-1: Ball 1-1: Foul Ball, location: 2F 1-2: Strikes out looking
|
Batting: RHB Steve Terres
|
0-0: SINGLE (Line Drive, 9S, EV 98.8 MPH) Brandon White to second
|
Batting: RHB Tim Moore
|
0-0: Called Strike 0-1: Ball 1-1: Foul Ball, location: 2F 1-2: Ball 2-2: Grounds into double play, 6-4-3 (Groundball, 6M, EV 88.1 MPH)
|
Bottom of the 5th over - 0 runs, 2 hits, 0 errors, 1 left on base; Jacksonville 2 - Altoona 3 |
TOP OF THE 6TH |
Jacksonville Suns batting - Pitching for Altoona Curve : LHP Ben Buerck
|
Batting: RHB Len Graham
|
0-0: Ground out 1-3 (Groundball, 13, EV 63.8 MPH)
|
Batting: LHB Dong-u Chang
|
0-0: Swinging Strike 0-1: Fly out, F9 (Flyball, 9D, EV 85.6 MPH)
|
Batting: RHB Larry LeFever
|
0-0: Called Strike 0-1: Called Strike 0-2: Ball 1-2: Fly out, F6 (Line Drive, 6, EV 62.5 MPH)
|
Top of the 6th over - 0 runs, 0 hits, 0 errors, 0 left on base; Jacksonville 2 - Altoona 3 |
BOTTOM OF THE 6TH |
Altoona Curve batting - Pitching for Jacksonville Suns : LHP Nick Gore
|
Batting: RHB Terrence Wilson
|
0-0: Called Strike 0-1: Swinging Strike 0-2: Strikes out swinging
|
Batting: LHB Mike Handrahan
|
0-0: Called Strike 0-1: Ball 1-1: Ground out 4-3 (Groundball, 34, EV 105.6 MPH)
|
Batting: RHB Melvin Durland
|
0-0: Swinging Strike 0-1: Ball 1-1: Ball 2-1: Swinging Strike 2-2: Strikes out swinging
|
Bottom of the 6th over - 0 runs, 0 hits, 0 errors, 0 left on base; Jacksonville 2 - Altoona 3 |
TOP OF THE 7TH |
Jacksonville Suns batting - Pitching for Altoona Curve : LHP Ben Buerck
|
Batting: LHB Orlando Rivera
|
0-0: Foul Ball, location: 2F 0-1: Called Strike 0-2: Strikes out swinging
|
Batting: RHB Chris Alft
|
0-0: Ball 1-0: SOLO HOME RUN (Flyball, 78XD, EV 100.6 MPH), Distance : 400 ft
|
Batting: LHB Matt McKeon
|
0-0: Ball 1-0: Called Strike 1-1: Ball 2-1: Fly out, F9 (Flyball, 89M, EV 79.4 MPH)
|
Batting: RHB Akira Suzuki
|
0-0: Foul Ball, location: 2F 0-1: Called Strike 0-2: Ball 1-2: Foul Ball, location: 2F 1-2: Strikes out looking
|
Top of the 7th over - 1 run, 1 hit, 0 errors, 0 left on base; Jacksonville 3 - Altoona 3 |
BOTTOM OF THE 7TH |
Altoona Curve batting - Pitching for Jacksonville Suns : LHP Nick Gore
|
Pitching: RHP Mike Yorke
|
|
Batting: RHB Alex Arzate
|
0-0: Called Strike 0-1: Ball 1-1: Fly out, F7 (Flyball, 7D, EV 98.8 MPH)
|
Batting: LHB Josh Aerni
|
0-0: Ball 1-0: Ball 2-0: Foul Ball, location: 2F 2-1: Fly out, F8 (Line Drive, 89M, EV 100.6 MPH)
|
Batting: RHB Brandon White
|
0-0: Swinging Strike 0-1: Fly out, F8 (Flyball, 8RM, EV 81.2 MPH)
|
Bottom of the 7th over - 0 runs, 0 hits, 0 errors, 0 left on base; Jacksonville 3 - Altoona 3 |
TOP OF THE 8TH |
Jacksonville Suns batting - Pitching for Altoona Curve : LHP Ben Buerck
|
Batting: RHB Jack Power
|
0-0: Ball 1-0: Ground out 3-1 (Groundball, 34, EV 91.9 MPH)
|
Batting: RHB Torquato Obawole
|
0-0: Called Strike 0-1: Called Strike 0-2: Ball 1-2: Ball 2-2: Foul Ball, location: 2F 2-2: Strikes out looking
|
Batting: RHB Len Graham
|
0-0: Ball 1-0: Ground out 4-3 (Groundball, 4, EV 99.4 MPH)
|
Top of the 8th over - 0 runs, 0 hits, 0 errors, 0 left on base; Jacksonville 3 - Altoona 3 |
BOTTOM OF THE 8TH |
Altoona Curve batting - Pitching for Jacksonville Suns : RHP Mike Yorke
|
Batting: LHB Joe Wise
|
0-0: Foul Ball, location: 2F 0-1: Ball 1-1: Swinging Strike 1-2: Ball 2-2: Ball 3-2: Foul Ball, location: 2F 3-2: Ground out 4-3 (Groundball, 4, EV 81.2 MPH)
|
Batting: RHB Steve Terres
|
0-0: Swinging Strike 0-1: Fly out, F1 (Line Drive, P, EV 68.1 MPH)
|
Batting: RHB Tim Moore
|
0-0: Ball 1-0: Ground out 4-3 (Groundball, 4, EV 103.8 MPH)
|
Bottom of the 8th over - 0 runs, 0 hits, 0 errors, 0 left on base; Jacksonville 3 - Altoona 3 |
TOP OF THE 9TH |
Jacksonville Suns batting - Pitching for Altoona Curve : LHP Ben Buerck
|
Pitching: LHP Nick Yarbrough
|
|
Batting: LHB Dong-u Chang
|
0-0: Swinging Strike 0-1: Ball 1-1: Foul Ball, location: 2F 1-2: Foul Ball, location: 2F 1-2: Ball 2-2: Ground out 6-3 (Groundball, 56D, EV 85.6 MPH)
|
Batting: RHB Larry LeFever
|
0-0: Called Strike 0-1: SINGLE (Line Drive, 89M, EV 103.8 MPH)
|
Batting: LHB Orlando Rivera
|
0-0: Foul Ball, location: 2F 0-1: Swinging Strike 0-2: Strikes out looking
|
Batting: RHB Chris Alft
|
0-0: Foul Ball, location: 2F 0-1: Ball 1-1: Ball 2-1: Swinging Strike 2-2: Strikes out swinging
|
Top of the 9th over - 0 runs, 1 hit, 0 errors, 1 left on base; Jacksonville 3 - Altoona 3 |
BOTTOM OF THE 9TH |
Altoona Curve batting - Pitching for Jacksonville Suns : RHP Mike Yorke
|
Pitching: RHP Alberto Negrete
|
|
Batting: RHB Terrence Wilson
|
0-0: Foul Ball, location: 2F 0-1: Swinging Strike 0-2: Ball 1-2: Ball 2-2: Foul Ball, location: 2F 2-2: Ball 3-2: Base on Balls
|
Batting: LHB Mike Handrahan
|
0-0: Called Strike Terrence Wilson steals 2nd base 0-1: Ball 1-1: Foul Ball, location: 2F 1-2: Strikes out swinging
|
Batting: RHB Melvin Durland
|
0-0: Called Strike 0-1: Called Strike 0-2: Fly out, F3 (Popup, 3S, EV 77.5 MPH)
|
Batting: RHB Alex Arzate
|
0-0: Fly out, F9 (Flyball, 9, EV 83.1 MPH)
|
Bottom of the 9th over - 0 runs, 0 hits, 0 errors, 1 left on base; Jacksonville 3 - Altoona 3 |
TOP OF THE 10TH |
Jacksonville Suns batting - Pitching for Altoona Curve : LHP Nick Yarbrough
|
Batting: LHB Matt McKeon
|
0-0: Ball 1-0: Ball 2-0: Foul Ball, location: 2F 2-1: Foul Ball, location: 2F 2-2: Strikes out swinging
|
Batting: RHB Akira Suzuki
|
0-0: Called Strike 0-1: Called Strike 0-2: Ball 1-2: Strikes out swinging
|
Batting: RHB Jack Power
|
0-0: Ball 1-0: Called Strike 1-1: Swinging Strike 1-2: Foul Ball, location: 2F 1-2: Foul Ball, location: 2F 1-2: Hit by Pitch
|
Batting: RHB Torquato Obawole
|
0-0: Called Strike 0-1: Ball Wild Pitch! Jack Power to second 1-1: Swinging Strike 1-2: DOUBLE (Line Drive, 7LM, EV 102.5 MPH) Jack Power scores
|
Pitching: RHP Dave Weinraub
|
|
Batting: RHB Len Graham
|
0-0: Ball 1-0: Ground out U3 (Groundball, 13, EV 81.9 MPH)
|
Top of the 10th over - 1 run, 1 hit, 0 errors, 1 left on base; Jacksonville 4 - Altoona 3 |
BOTTOM OF THE 10TH |
Altoona Curve batting - Pitching for Jacksonville Suns : RHP Alberto Negrete
|
Pitching: RHP Cory Levine
|
|
Batting: LHB Josh Aerni
|
0-0: Ball 1-0: Called Strike 1-1: Ball 2-1: Swinging Strike 2-2: Foul Ball, location: 2F 2-2: Ground out U3 (Groundball, 3L, EV 79.4 MPH)
|
Batting: RHB Brandon White
|
0-0: Called Strike 0-1: Ball 1-1: Foul Ball, location: 2F 1-2: Foul Ball, location: 2F 1-2: Ball 2-2: Ball 3-2: SINGLE (Groundball, P, EV 81.9 MPH) (infield hit)
|
Batting: LHB Joe Wise
|
0-0: Foul Ball, location: 2F 0-1: Ball 1-1: Foul Ball, location: 2F 1-2: Fielders Choice at 2nd, 6-4 (Groundball, 6, EV 106.9 MPH)
|
Batting: RHB Steve Terres
|
0-0: Ground out U3 (Groundball, 23, EV 91.9 MPH)
|
Bottom of the 10th over - 0 runs, 1 hit, 0 errors, 1 left on base; Jacksonville 4 - Altoona 3 |
|